 Dungeon Crawl Stone Soup version 0.31.0-4-g52a2dc7128 (webtiles) character file.

Game seed: 8720495400129872987

1853 hawla the Twirler (level 9, -6/51 HPs)
             Began as an Octopode Fire Elementalist on Jan 22, 2024.
             Mangled by an orc warrior
             ... wielding a +0 glaive
              (23 damage)
             ... on level 7 of the Dungeon.
             The game lasted 00:13:12 (6060 turns).

hawla the Twirler (Octopode Fire Elementalist)      Turns: 6060, Time: 00:13:13

Health: -6/51      AC:  1    Str:  8    XL:     9   Next: 12%
Magic:  16/16      EV: 13    Int: 21    God:
Gold:   131        SH:  0    Dex: 12    Spells: 11/18 levels left

rFire   . . .        o - +2 quarterstaff (heavy)
rCold   . . .        (shield currently unavailable)
rNeg    . . .        (helmet restricted)
rPois   .            (no amulet)
rElec   .            (no ring)
rCorr   .            (no ring)
SInv    .            (no ring)
Will    .....        (no ring)
Stlth   +++          (no ring)
HPRegen 0.28/turn    (no ring)
MPRegen 0.15/turn    (no ring)
                     (no ring)

%: no passive effects
@: no status effects
A: almost no armour, amphibious, 8 rings, camouflage 1, gelatinous body 1,
(nimble swimmer 1), tentacles
a: no special abilities


You were on level 7 of the Dungeon.
You visited 2 branches of the dungeon, and saw 8 of its levels.

You collected 355 gold pieces.
You spent 224 gold pieces at shops.

Inventory:

Hand Weapons
 o - a +2 heavy quarterstaff (weapon)
Missiles
 j - 11 poisoned darts
Magical Staves
 i - a staff of air
 q - a staff of alchemy
Jewellery
 m - a ring of protection from fire
Wands
 h - a wand of iceblast (10)
 l - a wand of acid (7) (quivered)
Scrolls
 c - a scroll of poison
 d - a scroll of identify
 g - a scroll of vulnerability
 n - 2 scrolls of immolation
 r - 2 scrolls of teleportation
Potions
 a - 2 potions of brilliance
 b - 3 potions of curing
 e - 5 potions of haste
 f - 2 potions of invisibility
 k - a potion of resistance
 p - a potion of mutation {unknown}
 s - 2 potions of lignification


   Skills:
 + Level 7.0 Staves
 - Level 2.0 Dodging
 - Level 3.0 Stealth
 - Level 5.0 Spellcasting
 - Level 5.0 Conjurations
 - Level 5.0 Fire Magic
 - Level 2.0 Air Magic
 - Level 2.0 Alchemy
 - Level 2.0 Evocations


You had 11 spell levels left.
You knew the following spells:

 Your Spells              Type           Power      Damage    Failure   Level
a - Foxfire               Conj/Fire      100%       2x1d9     1%          1
b - Scorch                Fire           52%        2d7       1%          2
c - Flame Wave            Conj/Fire      26%        2d8       14%         4

Your spell library contained the following spells:

 Spells                   Type           Power      Damage    Failure   Level
 Kiss of Death            Conj/Necr      60%        2d10      3%          1
 Inner Flame              Hex/Fire       15%        N/A       12%         3
 Volatile Blastmotes      Fire/Tloc      30%        2d12      12%         3
 Confusing Touch          Hex            5%         N/A       32%         3
 Dispel Undead            Necr           5%         3d7       71%         4


Dungeon Overview and Level Annotations

Branches:
Dungeon (7/15)             Temple (1/1) D:5

Altars:
Ashenzari
Cheibriados
Dithmenos
Elyvilon
Fedhas
Kikubaaqudgha
Sif Muna
Trog
Wu Jian
Xom
The Shining One

Shops:
D:5 ?   D:6 =

Annotations:
D:5 2 transporters, rundlesten's ghost, novice OpHW


Innate Abilities, Weirdness & Mutations

You cannot wear most types of armour.
You are amphibious.
You can wear up to eight rings at the same time.
Your skin changes colour to match your surroundings (Stealth+).
Your rubbery body absorbs attacks. (AC +1, EV +1)
((You are camouflaged when in or above water. (Stealth+)))
You have tentacles for arms and can constrict up to eight enemies at once.


Message History

Search for what [Enter for "taf", or ? for help]? rmo What level of the Dungeon? (default 6, ? - help)
There is a stone staircase leading down here.
You climb downwards.
Found 18 gold pieces.
There is a stone staircase leading up here.
Okay, then.
You now have 131 gold pieces (gained 18).
m - a ring of protection from fire
Found 8 stones.
Found a stone staircase leading down.
You open the door.
There is an open door here.
Found a stone staircase leading up.
You open the door.
There is an open door here.
You open the door.
There is an open door here.
You see here a +1 short sword of venom.
There is an open door here.
Found an ancient bone altar of Kikubaaqudgha.
You open the door.
An orc wizard comes into view. It is wielding a +0 dagger.
An orc wizard is nearby!
There is an open door here.
The orc wizard shouts!
You hear a shout! x3
An orc warrior and an orc come into view.
The orc wizard barely misses you. The orc warrior misses you.
You sock the orc wizard! You grab the orc wizard. You squeeze the orc wizard.
You kill the orc wizard!
The orc warrior misses you.
Your Staves skill increases to level 7!
The orc warrior hits you with a +0 glaive!!
You sock the orc warrior! You grab the orc warrior.
You squeeze the orc warrior, but do no damage.
The orc warrior is moderately wounded.
You constrict the orc warrior.
The orc warrior hits you with a +0 glaive!
The orc warrior hits you with a +0 glaive!!
You die...

..#..#..........#######
..#..#................#
##...#................#
#)..##...##..........##
######...##............
#....#####'##......
#....##....# ...#
#....+.....##....## #..
#....)@o.....+
#......o.....#
##############


You could see an orc warrior and an orc.

Vanquished Creatures
  Sigmund (D:3)
  3 ice beasts
  2 sky beasts (D:6)
  A black bear (D:4)
  An ogre (D:4)
  2 centaurs
  A phantom (D:6)
  Blork the orc (D:6)
  A bullfrog (D:6)
  A scorpion (D:4)
  2 bombardier beetles
  4 hounds
  A jelly (D:5)
  2 orc priests
  3 iguanas
  A gnoll bouda (D:4)
  A sleepcap (D:6)
  2 orc wizards
  3 gnolls (D:4)
  5 adders
  A shadow imp (D:4)
  2 white imps (D:6)
  A dart slug (D:1)
  2 ribbon worms
  15 orcs
  3 bats
  5 endoplasms
  3 giant cockroaches
  6 goblins
  2 hobgoblins
  6 jackals
  3 quokkas
  5 ball pythons
  3 frilled lizards
  6 kobolds
  4 rats
105 creatures vanquished.

Vanquished Creatures (others)
  149 foxfires
149 creatures vanquished.

Grand Total: 254 creatures vanquished

Notes
Turn   | Place    | Note
-------+----------+-------------------------------------------
     0 | D:1      | hawla the Octopode Fire Elementalist began the quest for
                  | the Orb.
     0 | D:1      | Reached XP level 1. HP: 11/11 MP: 3/3
    85 | D:1      | Reached XP level 2. HP: 15/17 MP: 1/5
   490 | D:1      | Reached XP level 3. HP: 21/21 MP: 0/6
   515 | D:1      | Learned a level 2 spell: Scorch
  1173 | D:2      | You fall into a shaft and drop 1 floor!
  1372 | D:2      | Reached XP level 4. HP: 27/27 MP: 3/7
  1616 | D:3      | Reached skill level 1 in Staves
  1631 | D:3      | Found a faded altar of an unknown god.
  1632 | D:3      | Noticed Sigmund
  1648 | D:3      | Killed Sigmund
  1649 | D:3      | Reached skill level 2 in Staves
  1649 | D:3      | Reached XP level 5. HP: 28/31 MP: 0/8
  1734 | D:3      | Reached XP level 6. HP: 35/36 MP: 9/9
  1953 | D:3      | Found an ornate altar of the Wu Jian Council.
  2272 | D:4      | Reached skill level 3 in Staves
  2416 | D:4      | Noticed a black bear
  2419 | D:4      | Killed a black bear
  2733 | D:4      | Reached skill level 5 in Fire Magic
  2733 | D:4      | Reached XP level 7. HP: 21/41 MP: 3/10
  3348 | D:4      | Reached skill level 4 in Staves
  3536 | D:4      | Reached skill level 5 in Conjurations
  3690 | D:4      | Learned a level 4 spell: Flame Wave
  3728 | D:5      | Entered Level 5 of the Dungeon
  3768 | D:5      | Found a staircase to the Ecumenical Temple.
  3795 | Temple   | Entered the Ecumenical Temple
  3952 | D:5      | Reached XP level 8. HP: 35/46 MP: 13/13
  4052 | D:5      | Found Sitetiac's Magic Scroll Boutique.
  4085 | D:5      | Bought a scroll of immolation for 56 gold pieces
  4085 | D:5      | Bought a scroll of fear for 56 gold pieces
  4085 | D:5      | Bought a scroll of poison for 56 gold pieces
  4085 | D:5      | Bought a scroll of fear for 56 gold pieces
  4319 | D:5      | Found a transporter.
  4353 | D:5      | Noticed rundlesten's ghost (novice OpHW)
  4447 | D:5      | Found a glowing golden altar of the Shining One.
  4740 | D:5      | Found a snail-covered altar of Cheibriados.
  4789 | D:5      | Found a transporter.
  4880 | D:6      | Found Toacoef's Jewellery Emporium.
  5042 | D:6      | Reached skill level 5 in Spellcasting
  5129 | D:6      | Reached skill level 1 in Air Magic
  5129 | D:6      | Reached skill level 1 in Alchemy
  5129 | D:6      | Reached skill level 1 in Evocations
  5273 | D:6      | Noticed Blork the orc
  5278 | D:6      | Reached skill level 5 in Staves
  5287 | D:6      | Killed Blork the orc
  5387 | D:6      | Reached skill level 6 in Staves
  5689 | D:6      | Reached XP level 9. HP: 51/51 MP: 9/16
  6048 | D:7      | Found an ancient bone altar of Kikubaaqudgha.
  6059 | D:7      | Reached skill level 7 in Staves
  6060 | D:7      | Mangled by an orc warrior

Illustrated notes

Levels and vault maps discovered:
D:1:      psy_arrival_whirlpool, layout_rooms
D:2:      layout_rooms
D:3:      layout_basic, mainiacjoe_overflow_alcove_1,
          hellmonk_ecumenical_altar_dog_temple, uniq_sigmund
D:4:      layout_basic
D:5:      layout_basic, tso_altar, marbit_many_paths, temple_green,
          serial_shops, shop_scrolls, gammafunk_ghost_mausoleum
D:6:      layout_basic, serial_corexii_hall, corexii_hall_statues_i,
          corexii_hall_statues_i, corexii_hall_statues_i, serial_shops,
          shop_statue, uniq_blork_the_orc
D:7:      layout_gridville, nicolae_overflow_hidden_temple, lemuel_tele_altar
Temple:   hellmonk_temple_of_storms

Skill      XL: |  1  2  3  4  5  6  7  8  9 |
---------------+----------------------------+-----
Stealth        | 3 |  3.0
Conjurations   | 2 3 4 5 |  5.0
Staves         | 2 3 4 6 7 |  7.0
Fire Magic     | 4 5 |  5.0
Spellcasting   | 3 5 |  5.0
Air Magic      | 2 |  2.0
Alchemy        | 2 |  2.0
Evocations     | 2 |  2.0
Dodging        | |  2.0

Action                     |  1- 3 |  4- 6 |  7- 9 || total
---------------------------+-------+-------+-------++-------
  Melee: Unarmed           |    21 |       |       ||    21
         Constrict         |     5 |     6 |    19 ||    30
         Tentacles         |     3 |     1 |    21 ||    25
         Staff             |     6 |       |       ||     6
         Quarterstaff      |       |    23 |    64 ||    87
         Punch             |       |     1 |       ||     1
   Cast: Foxfire           |    45 |    19 |    27 ||    91
         Scorch            |     5 |    10 |    41 ||    56
         Flame Wave        |       |       |     1 ||     1
  Evoke: Wand              |       |       |     1 ||     1
    Use: Potion            |     1 |     3 |       ||     4
         Scroll            |       |    12 |    10 ||    22
   Stab: Sleeping          |     1 |     3 |     8 ||    12
 Armour: Skin              |    15 |    22 |    50 ||    87
  Dodge: Dodged            |    27 |    24 |    64 ||   115
